SA
PHOENIX HOTSPUR U-21 @ CHICAGO TULA
08/10/2027
 
TOP OF THE 1ST
Phoenix Hotspur U-21 batting - Pitching for Chicago Tula : RHP Juan Valdéz
Pitching: RHP Juan Valdéz
Batting: RHB Solomon Norment 0-0: Foul Ball, location: 2F
0-1: Swinging Strike
0-2: Strikes out swinging
Batting: RHB Juan Negrete 0-0: Fly out, F9 (Flyball, 9S)
Batting: LHB Corey Ferguson 0-0: Called Strike
0-1: Ball
1-1: Ball
2-1: Foul Ball, location: 2F
2-2: Foul Ball, location: 2F
2-2: Strikes out swinging
Top of the 1st over - 0 run(s), 0 hit(s), 0 error(s), 0 left on base; Phoenix 0 - Chicago 0
BOTTOM OF THE 1ST
Chicago Tula batting - Pitching for Phoenix Hotspur U-21 : RHP Maru Pao Pao
Pitching: RHP Maru Pao Pao
Batting: RHB Micheal Lovell 0-0: Ball
1-0: Called Strike
1-1: Ball
2-1: Called Strike
2-2: Ball
3-2: Strikes out swinging
Batting: RHB José Palácios 0-0: Ground out 5-3 (Groundball, 5L)
Batting: LHB Ángel Pineda 0-0: Called Strike
0-1: SOLO HOME RUN (Flyball, 7LD), Distance : 345 ft
Batting: SHB Eustacio Tafalla 0-0: Ball
1-0: Ball
2-0: Called Strike
2-1: Ball
3-1: Base on Balls
Batting: RHB Zahid Kashani 0-0: Ball
1-0: Ball
2-0: Swinging Strike
2-1: Ball
3-1: Called Strike
3-2: Strikes out swinging
Bottom of the 1st over - 1 run(s), 1 hit(s), 0 error(s), 1 left on base; Phoenix 0 - Chicago 1
TOP OF THE 2ND
Phoenix Hotspur U-21 batting - Pitching for Chicago Tula : RHP Juan Valdéz
Batting: RHB Julián De Paz 0-0: Ball
1-0: Called Strike
1-1: Fly out, F7 (Flyball, 7)
Batting: LHB Tyler Kinjeketile 0-0: Called Strike
0-1: Fly out, F8 (Flyball, 8LM)
Batting: RHB Bill Erickson 0-0: Ground out 1-3 (Groundball, 13S)
Top of the 2nd over - 0 run(s), 0 hit(s), 0 error(s), 0 left on base; Phoenix 0 - Chicago 1
BOTTOM OF THE 2ND
Chicago Tula batting - Pitching for Phoenix Hotspur U-21 : RHP Maru Pao Pao
Batting: RHB Alfonso Morín 0-0: Called Strike
0-1: Fly out, F9 (Flyball, 9)
Batting: RHB Tommy Socorro 0-0: Called Strike
0-1: Ball
1-1: Swinging Strike
1-2: Foul Ball, location: 2F
1-2: Strikes out swinging
Batting: RHB Rubén Arce 0-0: Ball
1-0: Called Strike
1-1: Called Strike
1-2: Foul Ball, location: 2F
1-2: Foul Ball, location: 2F
1-2: Strikes out swinging
Bottom of the 2nd over - 0 run(s), 0 hit(s), 0 error(s), 0 left on base; Phoenix 0 - Chicago 1
TOP OF THE 3RD
Phoenix Hotspur U-21 batting - Pitching for Chicago Tula : RHP Juan Valdéz
Batting: LHB Jason DeGeorge 0-0: Foul Ball, location: 2F
0-1: Foul Ball, location: 2F
0-2: Foul Ball, location: 2F
0-2: Foul Ball, location: 2F
0-2: Ball
1-2: Foul Ball, location: 2F
1-2: Ball
2-2: Foul Ball, location: 2F
2-2: Ground out 4-3 (Groundball, 34)
Batting: RHB Lee Tavernier 0-0: Ball
1-0: Ball
2-0: SINGLE (Groundball, 34) (infield hit)
Batting: RHB Dale Everest 0-0: Called Strike
0-1: Swinging Strike
0-2: Ball
1-2: Ball
2-2: Strikes out swinging
Batting: RHB Solomon Norment 0-0: Called Strike
0-1: Swinging Strike
0-2: Strikes out swinging
Top of the 3rd over - 0 run(s), 1 hit(s), 0 error(s), 1 left on base; Phoenix 0 - Chicago 1
BOTTOM OF THE 3RD
Chicago Tula batting - Pitching for Phoenix Hotspur U-21 : RHP Maru Pao Pao
Batting: RHB Rand McNally 0-0: Bunted foul
0-1: SINGLE (Line Drive, 8LS)
Batting: RHB Micheal Lovell 0-0: Called Strike
Rand McNally steals 2nd base
0-1: Ball
1-1: Ground out 6-3 (Groundball, 6)
Batting: RHB José Palácios 0-0: Called Strike
0-1: Foul Ball, location: 2F
0-2: Strikes out looking
Batting: LHB Ángel Pineda 0-0: Called Strike
0-1: Foul Ball, location: 2F
0-2: Ball
1-2: Strikes out swinging
Bottom of the 3rd over - 0 run(s), 1 hit(s), 0 error(s), 1 left on base; Phoenix 0 - Chicago 1
TOP OF THE 4TH
Phoenix Hotspur U-21 batting - Pitching for Chicago Tula : RHP Juan Valdéz
Batting: RHB Juan Negrete 0-0: Called Strike
0-1: Ball
1-1: Ball
2-1: Ball
3-1: Foul Ball, location: 2F
3-2: Base on Balls
Batting: LHB Corey Ferguson 0-0: Ball
1-0: Swinging Strike
1-1: Swinging Strike
1-2: Foul Ball, location: 2F
1-2: Foul Ball, location: 2F
1-2: Foul Ball, location: 2F
1-2: Ball
2-2: Strikes out swinging
Batting: RHB Julián De Paz 0-0: Called Strike
Juan Negrete is caught stealing 2nd base
0-1: Swinging Strike
0-2: Ball
1-2: Ball
2-2: Ground out 5-3 (Groundball, 56)
Top of the 4th over - 0 run(s), 0 hit(s), 0 error(s), 0 left on base; Phoenix 0 - Chicago 1
BOTTOM OF THE 4TH
Chicago Tula batting - Pitching for Phoenix Hotspur U-21 : RHP Maru Pao Pao
Batting: SHB Eustacio Tafalla 0-0: Ball
1-0: Ground out 6-3 (Groundball, 6)
Batting: RHB Zahid Kashani 0-0: Called Strike
0-1: Foul Ball, location: 2F
0-2: Ball
1-2: Strikes out swinging
Batting: RHB Alfonso Morín 0-0: Ball
1-0: Fly out, F8 (Flyball, 78M)
Bottom of the 4th over - 0 run(s), 0 hit(s), 0 error(s), 0 left on base; Phoenix 0 - Chicago 1
TOP OF THE 5TH
Phoenix Hotspur U-21 batting - Pitching for Chicago Tula : RHP Juan Valdéz
Batting: LHB Tyler Kinjeketile 0-0: Ball
1-0: Foul Ball, location: 2F
1-1: Swinging Strike
1-2: Ball
2-2: Ball
3-2: Base on Balls
Batting: RHB Bill Erickson 0-0: Ball
1-0: Ball
2-0: Sac Bunt - play at first, batter OUT! 1-4
Tyler Kinjeketile to second
Batting: LHB Jason DeGeorge 0-0: Ball
1-0: Called Strike
1-1: Called Strike
1-2: Ball
2-2: Fly out, F7 (Line Drive, 78M)
Batting: RHB Lee Tavernier 0-0: Called Strike
0-1: SINGLE (Groundball, 34D)
Tyler Kinjeketile to third
Runner from 3rd tries for Home, SAFE, no throw
Batting: RHB Dale Everest 0-0: Ball
1-0: Ball
2-0: Called Strike
2-1: Called Strike
2-2: Ball
3-2: Foul Ball, location: 2F
3-2: Foul Ball, location: 2F
3-2: Ground out 6-3 (Groundball, 6)
Top of the 5th over - 1 run(s), 1 hit(s), 0 error(s), 1 left on base; Phoenix 1 - Chicago 1
BOTTOM OF THE 5TH
Chicago Tula batting - Pitching for Phoenix Hotspur U-21 : RHP Maru Pao Pao
Batting: RHB Tommy Socorro 0-0: Called Strike
0-1: Foul Ball, location: 2F
0-2: Ball
1-2: Ground out 6-3 (Groundball, 6)
Batting: RHB Rubén Arce 0-0: Called Strike
0-1: Called Strike
0-2: Foul Ball, location: 2F
0-2: Ball
1-2: Strikes out looking
Batting: RHB Rand McNally 0-0: Ball
1-0: SINGLE (Flyball, 78S)
Batting: RHB Micheal Lovell 0-0: Ball
1-0: Ball
2-0: Called Strike
2-1: Ball
3-1: Base on Balls
Rand McNally to second
Batting: RHB José Palácios 0-0: Foul Ball, location: 2F
0-1: Foul Ball, location: 2F
0-2: Strikes out swinging
Bottom of the 5th over - 0 run(s), 1 hit(s), 0 error(s), 2 left on base; Phoenix 1 - Chicago 1
TOP OF THE 6TH
Phoenix Hotspur U-21 batting - Pitching for Chicago Tula : RHP Juan Valdéz
Batting: RHB Solomon Norment 0-0: Foul Ball, location: 2F
0-1: Called Strike
0-2: SINGLE (Flyball, 8RS)
Batting: RHB Juan Negrete 0-0: Sac Bunt - play at first, batter OUT! 1-4
Solomon Norment to second
Batting: LHB Corey Ferguson 0-0: Ground out 6-3 (Groundball, 6)
Solomon Norment to third
Batting: RHB Julián De Paz 0-0: Ball
1-0: Foul Ball, location: 2F
1-1: Ball
2-1: Swinging Strike
2-2: SINGLE (Line Drive, 56D)
Solomon Norment scores
Batting: LHB Tyler Kinjeketile 0-0: Ball
1-0: Ball
2-0: Fielders Choice at 2nd, 4-6 (Groundball, 4)
Top of the 6th over - 1 run(s), 2 hit(s), 0 error(s), 0 left on base; Phoenix 2 - Chicago 1
BOTTOM OF THE 6TH
Chicago Tula batting - Pitching for Phoenix Hotspur U-21 : RHP Maru Pao Pao
Batting: LHB Ángel Pineda 0-0: Called Strike
0-1: Ball
1-1: Ball
2-1: Foul Ball, location: 2F
2-2: Ball
3-2: Strikes out swinging
Batting: SHB Eustacio Tafalla 0-0: Ball
1-0: Called Strike
1-1: Swinging Strike
1-2: Ball
2-2: Strikes out looking
Batting: RHB Zahid Kashani 0-0: Ball
1-0: Foul Ball, location: 2F
1-1: Ball
2-1: Foul Ball, location: 2F
2-2: SINGLE (Groundball, 56D)
Batting: RHB Alfonso Morín 0-0: Ball
Zahid Kashani steals 2nd base
1-0: Called Strike
1-1: Foul Ball, location: 2F
1-2: Fly out, F7 (Flyball, 7)
Bottom of the 6th over - 0 run(s), 1 hit(s), 0 error(s), 1 left on base; Phoenix 2 - Chicago 1
TOP OF THE 7TH
Phoenix Hotspur U-21 batting - Pitching for Chicago Tula : RHP Juan Valdéz
Batting: RHB Bill Erickson 0-0: Ball
1-0: Ball
2-0: Foul Ball, location: 2F
2-1: Foul Ball, location: 2F
2-2: Ball
3-2: Foul Ball, location: 2F
3-2: Ground out 4-3 (Groundball, 34)
Batting: LHB Jason DeGeorge 0-0: Swinging Strike
0-1: Swinging Strike
0-2: Ball
1-2: Ball
2-2: Strikes out swinging
Batting: RHB Lee Tavernier 0-0: Ball
1-0: Ball
2-0: Swinging Strike
2-1: Called Strike
2-2: Ball
3-2: Strikes out swinging
Top of the 7th over - 0 run(s), 0 hit(s), 0 error(s), 0 left on base; Phoenix 2 - Chicago 1
BOTTOM OF THE 7TH
Chicago Tula batting - Pitching for Phoenix Hotspur U-21 : RHP Maru Pao Pao
Batting: RHB Tommy Socorro 0-0: Ball
1-0: Fly out, F4 (Flyball, 4D)
Batting: RHB Rubén Arce 0-0: Ball
1-0: Called Strike
1-1: Ball
2-1: Ball
3-1: Foul Ball, location: 2F
3-2: Base on Balls
Pinch Hitting: RHB Sisay Jitu 0-0: Ball
Rubén Arce is caught stealing 2nd base
1-0: Swinging Strike
1-1: Fly out, F2 (Popup, 3S)
Bottom of the 7th over - 0 run(s), 0 hit(s), 0 error(s), 0 left on base; Phoenix 2 - Chicago 1
TOP OF THE 8TH
Phoenix Hotspur U-21 batting - Pitching for Chicago Tula : RHP Juan Valdéz
Pitching: RHP Joseph Chartier
Now at 1B: Sisay Jitu
Batting: RHB Dale Everest 0-0: SOLO HOME RUN (Flyball, 8RXD), Distance : 435 ft
Batting: RHB Solomon Norment 0-0: Ball
1-0: Ball
2-0: Fly out, F8 (Flyball, 89M)
Batting: RHB Juan Negrete 0-0: Foul Ball, location: 2F
0-1: Foul Ball, location: 2F
0-2: Ball
1-2: Foul Ball, location: 2F
1-2: Strikes out swinging
Batting: LHB Corey Ferguson 0-0: Ball
1-0: Ground out U3 (Groundball, 34S)
Top of the 8th over - 1 run(s), 1 hit(s), 0 error(s), 0 left on base; Phoenix 3 - Chicago 1
BOTTOM OF THE 8TH
Chicago Tula batting - Pitching for Phoenix Hotspur U-21 : RHP Maru Pao Pao
Now in CF: Huey Wood
Batting: RHB Micheal Lovell 0-0: Ball
1-0: Ground out 4-3 (Groundball, 4M)
Batting: RHB José Palácios 0-0: Ball
1-0: Called Strike
1-1: Fly out, F8 (Flyball, 8LM)
Batting: LHB Ángel Pineda 0-0: Foul Ball, location: 2F
0-1: Called Strike
0-2: Fly out, F8 (Flyball, 8LS)
Bottom of the 8th over - 0 run(s), 0 hit(s), 0 error(s), 0 left on base; Phoenix 3 - Chicago 1
TOP OF THE 9TH
Phoenix Hotspur U-21 batting - Pitching for Chicago Tula : RHP Joseph Chartier
Batting: RHB Julián De Paz 0-0: Called Strike
0-1: Ground out 6-3 (Groundball, 6)
Batting: LHB Tyler Kinjeketile 0-0: Ball
1-0: Called Strike
1-1: Foul Ball, location: 2F
1-2: SINGLE (Groundball, 34D)
Batting: RHB Bill Erickson 0-0: Ball
1-0: Called Strike
1-1: Foul Ball, location: 2F
1-2: Strikes out looking
Batting: LHB Jason DeGeorge 0-0: Foul Ball, location: 2F
0-1: Ball
1-1: Ball
2-1: Called Strike
2-2: Foul Ball, location: 2F
2-2: Ball
3-2: Foul Ball, location: 2F
3-2: Base on Balls
Tyler Kinjeketile to second
Batting: RHB Lee Tavernier 0-0: Ball
1-0: Called Strike
1-1: Ball
2-1: Foul Ball, location: 2F
2-2: Strikes out swinging
Top of the 9th over - 0 run(s), 1 hit(s), 0 error(s), 2 left on base; Phoenix 3 - Chicago 1
BOTTOM OF THE 9TH
Chicago Tula batting - Pitching for Phoenix Hotspur U-21 : RHP Maru Pao Pao
Pitching: RHP Richard Osborn
Now in RF: Jeremias Nabais
Batting: SHB Eustacio Tafalla 0-0: Called Strike
0-1: Fly out, F7 (Flyball, 7S)
Batting: RHB Zahid Kashani 0-0: Foul Ball, location: 2F
0-1: Ground out 1-3 (Groundball, P)
Batting: RHB Alfonso Morín 0-0: Called Strike
0-1: Ball
1-1: Ball
2-1: Foul Ball, location: 2F
2-2: Strikes out swinging
Bottom of the 9th over - 0 run(s), 0 hit(s), 0 error(s), 0 left on base; Phoenix 3 - Chicago 1
Saturday, May 26th, 2018 - OOTP Baseball 17.12 Build 75